 Dungeon Crawl Stone Soup version 0.17.1-2-g5865329 (webtiles) character file.

161 Rationalist the Skirmisher (level 5, 0/42 HPs)
             Began as a Demonspawn Berserker on Jan 17, 2016.
             Was a Believer of Trog.
             Slain by an orc
             ... wielding a +0 flail
              (11 damage)
             ... on level 3 of the Dungeon.
             The game lasted 00:03:09 (2448 turns).

Rationalist the Skirmisher (Demonspawn Berserker)   Turns: 2448, Time: 00:03:09

Health: 0/42       AC:  6    Str: 18    XL:     5   Next: 18%
Magic:  5/5        EV: 13    Int:  8    God:    Trog [**....]
Gold:   78         SH:  0    Dex: 13    Spells: 0 memorised, 4 levels left

rFire  . . .     SeeInvis .     a - +0 hand axe
rCold  + . .     Clarity  .     f - +0 leather armour {rC+}
rNeg   . . .     SustAt   .     (no shield)
rPois  .         Gourm    .     (helmet restricted)
rElec  .         Spirit   .     (no cloak)
rCorr  .         Warding  .     (no gloves)
rMut   .         Stasis   .     i - +2 pair of boots
MR     .....                    (no amulet)
Stlth  ++........               (no ring)
                                (no ring)

@: exhausted, slowed, very slow, not resistant to hostile enchantments,
unstealthy
A: horns 2, nightstalker 1
a: Berserk, Trog's Hand, Burn Spellbooks, Renounce Religion


You were on level 3 of the Dungeon.
You worshipped Trog.
Trog was pleased with you.
You were hungry.

You visited 1 branch of the dungeon, and saw 3 of its levels.

You collected 78 gold pieces.

Inventory:

Hand Weapons
 a - a +0 hand axe (weapon)
Missiles
 e - 10 bolts
 k - 44 sling bullets
Armour
 f - a +0 leather armour of cold resistance (worn)
 i - a +2 pair of boots (worn)
Scrolls
 d - a scroll of immolation {unknown}
 g - 2 scrolls of blinking {unknown}
 j - a scroll of remove curse {unknown}
 l - 2 scrolls of identify {unknown}
 m - a scroll of enchant armour {unknown}
 o - a scroll of noise {unknown}
Potions
 n - 2 potions of curing
 p - a potion of brilliance {unknown}
 q - a potion of flight {unknown}
Comestibles
 b - 3 meat rations
 c - 2 bread rations


   Skills:
 + Level 3.7 Fighting
 + Level 3.3 Axes
 + Level 2.3 Armour
 + Level 3.3 Dodging
 + Level 1.0 Stealth


You had 4 spell levels left.
You didn't know any spells.

Dungeon Overview and Level Annotations

Branches:
Dungeon (3/15)

Altars:


Innate Abilities, Weirdness & Mutations

You have a pair of horns on your head.
You are slightly more attuned to the shadows.


Message History

Trog accepts your kill.
Trog appreciates your killing of a magic user.
Reactivating autopickup.
You feel a bit more experienced.
You slash the rat!
You kill the rat!
Trog accepts your kill.
You are no longer berserk.
You are exhausted.
You feel yourself slow down.
You are feeling hungry.
The orc closely misses you.
Things that are here:
a dagger; a robe Drink which item? (? for menu, Esc to quit)
It was a potion of curing.
You feel better. The orc hits you with a flail.
* * * LOW HITPOINT WARNING * * *
You hit the orc. Your headbutt misses the orc.
The orc is heavily wounded.
The orc hits you with a flail!
You die...

.# l#.#. #.# ..#.##. #.#
....... #.# ....... #.#
....... . #.# ..........
#######.#o..# #.#. #
#.....†#@######...######.
##)#...#..#.#..#...#
##.#....8.......8....
##.#..................
##.#.....8.........8...
#.#...................)
#.#........8...[...8.)..
#.#......................
##.......................


You could see an orc.

Vanquished Creatures
  2 orc wizards (D:3)
  2 orc priests (D:3)
  3 giant geckos
  3 orcs (D:3)
  5 bats
  4 hobgoblins
  2 jackals (D:1)
  4 kobolds
  A quokka (D:2)
  3 ball pythons
  3 giant cockroaches
  3 giant newts
  12 goblins
  3 rats
50 creatures vanquished.

Notes
Turn   | Place    | Note
--------------------------------------------------------------
     0 | D:1      | Rationalist the Demonspawn Berserker began the quest for the Orb.
     0 | D:1      | Reached XP level 1. HP: 18/18 MP: 1/1
   563 | D:1      | Gained mutation: You have a pair of small horns on your head. [demonic ancestry]
   563 | D:1      | Reached XP level 2. HP: 24/24 MP: 2/2
  1403 | D:2      | Reached ** piety under Trog
  1403 | D:2      | Gained mutation: You have a pair of horns on your head. [demonic ancestry]
  1403 | D:2      | Reached XP level 3. HP: 27/29 MP: 3/3
  2415 | D:3      | Gained mutation: You are slightly more attuned to the shadows. [demonic ancestry]
  2415 | D:3      | Reached XP level 4. HP: 22/35 MP: 4/4
  2436 | D:3      | Reached skill level 1 in Stealth
  2436 | D:3      | Reached XP level 5. HP: 14/42 MP: 5/5
  2448 | D:3      | Slain by an orc

Action                   |  1- 3 |  4- 6 || total
-------------------------+-------+-------++-------
Melee: Hand axe          |   119 |    27 ||   146
Invok: Berserk           |       |     1 ||     1
       Trog's Hand       |       |     1 ||     1
  Use: Potion            |       |     1 ||     1
  Eat: Chunk             |     5 |       ||     5
